 Dungeon Crawl Stone Soup version 0.28-a0-8-g6e044cfa68 (webtiles) character file.

Game seed: 5133328111197458908

56 avis the Ruffian (level 3, -1/31 HPs)
             Began as a Hill Orc Transmuter on July 24, 2021.
             Slain by an adder (2 damage)
             ... on level 1 of the Dungeon.
             The game lasted 00:06:27 (1282 turns).

avis the Ruffian (Hill Orc Transmuter)              Turns: 1282, Time: 00:06:28

Health: -1/31      AC:  3    Str:  9 (12) XL:     3   Next: 95%
Magic:  4/5        EV: 11    Int: 12 (14) God:
Gold:   25         SH:  0    Dex: 10 (11) Spells: 1/5 levels left

rFire   . . .      SeeInvis .     - Unarmed
rCold   . . .      Faith    .   (no shield)
rNeg    . . .      Spirit   .   h - +0 leather armour
rPois   .          Reflect  .   (helmet currently unavailable)
rElec   .          Harm     .   (no cloak)
rCorr   .          Rampage  .   (no gloves)
Will    .....                   (boots currently unavailable)
Stlth   +.........              (no amulet)
HPRegen 0.10/turn               (no ring)
MPRegen 0.09/turn               (no ring)

@: lethally poisoned (-1 -> -9), appendages (expiring)
A: horns 2, talons 2
a: End Transformation


You were on level 1 of the Dungeon.
You had temporarily grown beastly horns and talons.
You visited 1 branch of the dungeon, and saw 2 of its levels.

You collected 25 gold pieces.

Inventory:

Hand Weapons
 e - a +0 whip
Missiles
 b - 32 stones
 i - 13 arrows
Armour
 a - a +0 robe
 h - a +0 leather armour (worn)
Scrolls
 g - a scroll of immolation {unknown}
Potions
 d - a potion of might {unknown}
 f - a potion of flight {unknown}
 j - a potion of heal wounds {unknown}


   Skills:
 - Level 3.0 Fighting
 - Level 1.5 Dodging
 * Level 4.5 Unarmed Combat
 - Level 1.5 Spellcasting
 - Level 1.3 Transmutations


You had one spell level left.
You knew the following spells:

 Your Spells              Type           Power      Damage    Failure   Level
a - Beastly Appendage     Tmut           8%         N/A       22%         1
p - Spider Form           Tmut/Pois      1%         N/A       65%         3

Your spell library contained the following spells:

 Spells                   Type           Power      Damage    Failure   Level
 Wereblood                Tmut           4%         N/A       34%         2
 Ice Form                 Ice/Tmut       2%         N/A       96%         4


Dungeon Overview and Level Annotations

Branches:
Dungeon (2/15)

Altars:


Innate Abilities, Weirdness & Mutations

You have temporarily grown beastly horns and talons.


Message History

You closely miss the adder. Your headbutt misses the adder.
The adder is heavily wounded.
The adder bites you.
You are poisoned.
The adder poisons you!
You barely miss the adder.
The adder is moderately wounded.
You feel sick. The adder closely misses you.
You closely miss the adder.
The adder is moderately wounded.
You feel sick. The adder completely misses you.
You barely miss the adder. Your kick misses the adder. You headbutt the adder.
The adder is heavily wounded.
Your transformation is almost over.
You feel sick. The adder bites you.
You are more poisoned.
The adder poisons you! The adder bites you.
You hit the adder but do no damage. Your headbutt misses the adder.
The adder is heavily wounded.
You feel sick. The adder bites you.
You are more poisoned.
The adder poisons you!
You hit the adder.
The adder is heavily wounded.
You feel sick. The adder bites you.
You are lethally poisoned!
The adder poisons you!
You hit the adder but do no damage. Your headbutt misses the adder.
The adder is heavily wounded.
* * * LOW HITPOINT WARNING * * *
You feel very sick. The adder bites you.
* * * LOW HITPOINT WARNING * * *
Unknown command.
It was a potion of degeneration.
There was something very wrong with that liquid.
You feel weakened.
You feel dopey.
You feel clumsy.
* * * LOW HITPOINT WARNING * * *
You feel sick. The adder bites you.
You die...

#...# #...#.... #####
#...##... #...###..
########...# ###
#.......#.######
#.......#.###...
#...............
####....####.##.##.
#.@SS#####.#)##.##. #.####
#.#....##. ##.# #.#..####.
#..########......##.
#.###.....#.........
########.# #...........####
#........# #.....#.....####
#.......## #.###.......##..
#.......####.####......##..


You could see 2 adders.

Vanquished Creatures
  3 dart slugs (D:1)
  3 bats (D:1)
  An endoplasm (D:1)
  A giant cockroach (D:1)
  2 goblins (D:1)
  4 hobgoblins (D:1)
  12 jackals (D:1)
  3 quokkas (D:1)
  5 ball pythons (D:1)
  7 kobolds (D:1)
  2 rats (D:1)
43 creatures vanquished.

Notes
Turn   | Place    | Note
-------+----------+-------------------------------------------
     0 | D:1      | avis the Hill Orc Transmuter began the quest for the Orb.
     0 | D:1      | Reached XP level 1. HP: 16/16 MP: 3/3
   155 | D:1      | Reached XP level 2. HP: 13/23 MP: 2/4
   165 | D:1      | Reached skill level 4 in Unarmed Combat
   498 | D:1      | Reached XP level 3. HP: 30/30 MP: 3/5
   580 | D:1      | Learned a level 3 spell: Spider Form
  1074 | D:1      | Found a faded altar of an unknown god.
  1282 | D:1      | HP: 1/31 [poisoned by an adder]
  1282 | D:1      | Slain by an adder

Illustrated notes

Levels and vault maps discovered:
D:1:      psy_arrival_statuary, layout_rooms, chequers_ecumenical_altar_simple,
          minmay_3d_cube
D:2:      layout_loops_ring

Skill      XL: |  1  2  3 |
---------------+----------+-----
Unarmed Combat | 4 |  4.5
Fighting       | 2 3 |  3.0
Dodging        | |  1.5
Spellcasting   | |  1.5
Transmutations | |  1.3

Action                   || total
-------------------------++-------
Melee: Unarmed           ||   118
       Headbutt          ||    12
       Kick              ||    17
 Cast: Beastly Appendage ||    28
  Use: Potion            ||     1
Armor: Robe              ||    20
       Leather armour    ||     5
Dodge: Dodged            ||    83

Table legend: (Time is in decaauts)
 A = Elapsed time spent in this place.
 B = Non-inter-level travel time spent in this place.
 C = Inter-level travel time spent in this place.
 D = Time resting spent in this place.
 E = Time spent auto-exploring this place.
 F = Levels seen in this place.
 G = Mean time per level.
                   A        B        C        D        E       F      G
               +--------+--------+--------+--------+--------+-----+--------+
         Total |   1273 |   1229 |     44 |    598 |    299 |   2 |  636.5 |
       Dungeon |   1273 |   1229 |     44 |    598 |    299 |   2 |  636.5 |
               +--------+--------+--------+--------+--------+-----+--------+

Top non-repeatable levels by time:
     D:1: 1265 daAuts
     D:2: 7 daAuts
